 Dungeon Crawl Stone Soup version 0.28-a0-1594-ga885d4b3d6 (webtiles) character file.

Game seed: 16019465901768646371

21 HallandMoats the Skirmisher (level 2, 0/19 HPs)
             Began as a Gargoyle Fighter on Jan 21, 2022.
             Was a Follower of Cheibriados.
             Slain by a gnoll (3 damage)
             ... on level 2 of the Dungeon.
             The game lasted 00:00:50 (1326 turns).

HallandMoats the Skirmisher (Gargoyle Fighter)      Turns: 1326, Time: 00:00:51

Health: 0/19       AC: 10    Str: 21    XL:     2   Next: 83%
Magic:  2/2        EV:  9    Int: 10    God:    Cheibriados [*.....]
Gold:   9          SH:  4    Dex: 11    Spells: 1/1 levels left

rFire   . . .      SeeInvis .   a - +0 war axe
rCold   . . .      Faith    .   c - +0 buckler
rNeg    + . .      Spirit   .   b - +0 scale mail
rPois   ∞          Reflect  .   (no helmet)
rElec   +          Harm     .   i - +0 cloak
rCorr   .          Rampage  .   (no gloves)
Will    .....                   (no boots)
Stlth   ..........              (no amulet)
HPRegen 0.06/turn               (no ring)
MPRegen 0.08/turn               (no ring)

@: mighty, very slow
A: sickness immunity, AC +2, negative energy resistance 1, electricity
resistance, torment resistance 1, petrification resistance
a: Renounce Religion, Bend Time


You were on level 2 of the Dungeon.
You worshipped Cheibriados.
Cheibriados was aware of your devotion.
You visited 1 branch of the dungeon, and saw 2 of its levels.

You collected 9 gold pieces.

Inventory:

Hand Weapons
 a - a +0 war axe (weapon)
Armour
 b - a +0 scale mail (worn)
 c - a +0 buckler (worn)
 i - a +0 cloak (worn)
Scrolls
 e - a scroll of identify {unknown}
 f - a scroll of vulnerability {unknown}
 g - a scroll of teleportation {unknown}
 h - a scroll of fog {unknown}
 j - a scroll of brand weapon {unknown}


   Skills:
 * Level 3.6 Fighting
 * Level 2.2 Axes
 + Level 3.4 Armour
 + Level 0.3 Dodging
 + Level 3.4 Shields


You had one spell level left.
You didn't know any spells.
Your spell library was empty.

Dungeon Overview and Level Annotations

Branches:
Dungeon (2/15)

Altars:
Cheibriados


Innate Abilities, Weirdness & Mutations

You are immune to sickness and miasma.
Your stone body is resilient. (AC +2)
You are immune to poison.
You resist negative energy. (rN+)
You are resistant to electric shocks. (rElec)
You are resistant to unholy torment.
You are immune to petrification.


Message History

The adder is moderately wounded.
The adder bites you. The adder barely misses you.
You barely miss the adder.
The adder is moderately wounded.
The adder bites you but does no damage. The adder bites you.
You are too injured to fight recklessly!
You are too injured to fight recklessly!
Unknown command.
You slash the adder!
You kill the adder!
Cheibriados thoroughly appreciates the change of pace.
You see here an adder corpse.
HP restored.
A bat comes into view.
The bat closely misses you.
You hit the bat.
You kill the bat!
Cheibriados thoroughly appreciates the change of pace.
No target in view!
Found a leather armour.
Found a stone staircase leading down.
A gnoll comes into view. It is wielding a +0 whip.
The gnoll shouts!
A gnoll comes into view. It is wielding a +0 halberd.
A goblin comes into view. It is wielding a +0 dagger.
A gnoll comes into view. It is wielding a +0 flail.
Found an amethyst potion.
The goblin shouts!
The gnoll shouts! x2
You see here 13 gold pieces.
You hit the gnoll.
The gnoll is heavily wounded.
The gnoll hits you with a +0 whip. You block the gnoll's attack.
The gnoll hits you but does no damage.
The gnoll hits you from afar with a +0 halberd!
The gnoll hits you from afar with a +0 halberd.
The gnoll hits you with a +0 whip.
* * * LOW HITPOINT WARNING * * *
You feel very mighty all of a sudden.
The gnoll hits you from afar with a +0 halberd.
You die...

#. #.######## #. ...!
#....(... #.
###...##. #....... #.
#........ #..... #.#
#.#..... # ##....# .#
#.. #g.>..##.#
......###.# #..
#...#..... #.#†..<#.#
#..##gg.......
#...†..#.# ##..@gg$.#
###......#.##...##..#
+....#.....#.....#..#
###.....####.##..#.[#
#.......#..#.##..#..#
#.#####.#....#####..#
#.#.....#.###....#..#
#.#.###....##.##.#..#
#.#...........##....#


You could see 3 gnolls and a goblin.

Vanquished Creatures
  An adder (D:2)
  A dart slug (D:1)
  A bat (D:2)
  An endoplasm (D:1)
  A hobgoblin (D:1)
  2 kobolds (D:1)
  A quokka (D:1)
  A rat (D:2)
9 creatures vanquished.

Notes
Turn   | Place    | Note
-------+----------+-------------------------------------------
     0 | D:1      | HallandMoats the Gargoyle Fighter began the quest for the
                  | Orb.
     0 | D:1      | Reached XP level 1. HP: 14/14 MP: 1/1
   374 | D:1      | Found a faded altar of an unknown god.
   437 | D:1      | Prayed at the altar of an unknown god.
   437 | D:1      | Became a worshipper of Cheibriados the Contemplative
   437 | D:1      | Reached * piety under Cheibriados
   823 | D:1      | Reached XP level 2. HP: 17/19 MP: 2/2
  1326 | D:2      | Slain by a gnoll

Illustrated notes

Levels and vault maps discovered:
D:1:      tarquinn_simple_flora_water_a, layout_loops_corners,
          shapermc_ecumenical_altar_flowoftime
D:2:      layout_basic

Skill      XL: |  1 |
---------------+----+-----
Axes           | 2 |  2.2
Fighting       | |  3.6
Armour         | |  3.4
Dodging        | |  0.3
Shields        | |  3.4

Action                   || total
-------------------------++-------
Melee: War axe           ||    23
  Use: Potion            ||     1
Armor: Scale mail        ||    12
Dodge: Dodged            ||    10
Block: Buckler           ||     3

Table legend: (Time is in decaauts)
 A = Elapsed time spent in this place.
 B = Non-inter-level travel time spent in this place.
 C = Inter-level travel time spent in this place.
 D = Time resting spent in this place.
 E = Time spent auto-exploring this place.
 F = Levels seen in this place.
 G = Mean time per level.
                   A        B        C        D        E       F      G
               +--------+--------+--------+--------+--------+-----+--------+
         Total |   1592 |   1431 |    161 |      0 |   1321 |   2 |  796.0 |
       Dungeon |   1592 |   1431 |    161 |      0 |   1321 |   2 |  796.0 |
               +--------+--------+--------+--------+--------+-----+--------+

Top non-repeatable levels by time:
     D:1: 1356 daAuts
     D:2: 235 daAuts
